 Dungeon Crawl Stone Soup version 0.29-a0-577-gafbf2c5d25 (webtiles) character file.

Game seed: 18249842389353950085

88 kae the Firebug (level 4, -4/25 HPs)
             Began as a Deep Elf Fire Elementalist on June 13, 2022.
             Slain by a gnoll
             ... wielding a +0 spear
              (7 damage)
             ... on level 2 of the Dungeon.
             The game lasted 00:01:27 (2335 turns).

kae the Firebug (Deep Elf Fire Elementalist)        Turns: 2335, Time: 00:01:28

Health: -4/25      AC:  2    Str:  5    XL:     4   Next: 30%
Magic:  5/11       EV: 27    Int: 22    God:
Gold:   72         SH:  0    Dex: 15    Spells: 4/10 levels left

rFire   . . .      SeeInvis .   j - +2 whip (freeze)
rCold   . . .      Faith    .   (no shield)
rNeg    . . .      Spirit   .   a - +0 robe
rPois   .          Reflect  .   (no helmet)
rElec   .          Harm     .   (no cloak)
rCorr   .          Rampage  .   (no gloves)
Will    .....                   (no boots)
Stlth   ++........              d - amulet of the acrobat
HPRegen 0.08/turn               (no ring)
MPRegen 0.12/turn               (no ring)

@: acrobatic, very slightly contaminated
A: no striking features
a: no special abilities


You were on level 2 of the Dungeon.
You visited 1 branch of the dungeon, and saw 3 of its levels.

You collected 72 gold pieces.

Inventory:

Hand Weapons
 j - a +2 whip of freezing (weapon)
Armour
 a - a +0 robe (worn)
Jewellery
 d - an amulet of the acrobat (around neck)
Scrolls
 e - a scroll of poison {unknown}
 f - 3 scrolls of identify {unknown}
 i - a scroll of fog {unknown}
Potions
 b - a potion of magic
 c - 3 potions of curing {unknown}
 g - a potion of flight {unknown}
 h - a potion of ambrosia {unknown}


   Skills:
 + Level 1.0 Fighting
 - Level 2.5 Dodging
 - Level 2.4 Stealth
 + Level 3.8 Spellcasting
 * Level 2.6 Conjurations
 * Level 4.2 Fire Magic


You had 4 spell levels left.
You knew the following spells:

 Your Spells              Type           Power      Damage    Failure   Level
a - Foxfire               Conj/Fire      76%        2x1d7     2%          1
b - Scorch                Fire           44%        2d7       3%          2
c - Conjure Flame         Conj/Fire      19%        6-21      9%          3

Your spell library contained the following spells:

 Spells                   Type           Power      Damage    Failure   Level
 Inner Flame              Hex/Fire       13%        N/A       14%         3
 Flame Wave               Conj/Fire      19%        2d6       28%         4
 Fireball                 Conj/Fire      9%         3d6       61%         5
 Iskenderun's Battlesphe  Conj           16%        2d7       71%         5
 Conjure Ball Lightning   Conj/Air       5%         3x3d6     100%        6
 Orb of Destruction       Conj           8%         9d6       100%        7


Dungeon Overview and Level Annotations

Branches:
Dungeon (3/15)

Altars:

Annotations:
D:2 Sigmund, Terence


Message History

The gnoll is no longer more vulnerable to fire.
The gnoll attacks as you move away! The gnoll closely misses you.
The gnoll attacks as you move away! The gnoll completely misses you.
There is a stone staircase leading up here.
You climb upwards.
Level annotation: Sigmund, Terence
There is a stone staircase leading down here.
Casting: Foxfire (safe; 2% risk of failure)
Confirm with . or Enter, or press ? or * to list all spells.
You can't see any susceptible monsters within range! (Use Z to cast anyway.)
You start resting.
Magic restored.
HP restored.
There is a shaft here.
There is a stone staircase leading down here.
You climb downwards.
The gnoll misses you.
There is a stone staircase leading up here.
The gnoll hits you with a +0 spear!
You climb upwards.
Level annotation: Sigmund, Terence
There is a stone staircase leading down here.
Casting: Foxfire (safe; 2% risk of failure)
Confirm with . or Enter, or press ? or * to list all spells.
Flames lash the gnoll.
The gnoll is heavily wounded.
The gnoll's fire resistance burns away.
The gnoll hits you with a +0 spear! The gnoll completely misses you.
Casting: Scorch (safe; 3% risk of failure)
Confirm with . or Enter, or press ? or * to list all spells.
You miscast Scorch.
You are very lightly contaminated with residual magic.
Nothing appears to happen.
The gnoll closely misses you.
Casting: Scorch (safe; 3% risk of failure)
Confirm with . or Enter, or press ? or * to list all spells.
Flames lash the gnoll.
The gnoll is burned terribly!
The gnoll is almost dead.
The gnoll hits you with a +0 spear.
* * * LOW HITPOINT WARNING * * *
The gnoll hits you with a +0 spear!
You die...

##........###.##...#
#.#
#.####..##...###.###
#.# .## #..##..##
#.# #.#
.#####..##..# #)#
#.# ............#
#.# #.#
.....#####..####.#
#.#### .....#
#.......# #....#
####.# #.......#
####.# # #.#
#.....g@# #.# #
#.#####.###.#.## #.#
# #..........###.#
#.# #
##.#.##.###.#.## #.#
# #.#.##.# ##.## #)#
# #.).##.# #.# #.# #
######.# #.# #.# #
#....# #.# #.# ##
#.##.# #@# #.#


You could see a gnoll (combustible).

Vanquished Creatures
  Jessica (D:2)
  2 adders
  A gnoll (D:3)
  2 worms (D:2)
  An orc (D:3)
  2 bats
  4 endoplasms
  A giant cockroach (D:3)
  2 goblins
  3 hobgoblins (D:1)
  3 ball pythons (D:1)
  A frilled lizard (D:2)
  3 kobolds
  3 rats (D:1)
29 creatures vanquished.

Vanquished Creatures (others)
  85 foxfires
85 creatures vanquished.

Grand Total: 114 creatures vanquished

Notes
Turn   | Place    | Note
-------+----------+-------------------------------------------
     0 | D:1      | kae the Deep Elf Fire Elementalist began the quest for the
                  | Orb.
     0 | D:1      | Reached XP level 1. HP: 10/10 MP: 6/6
   328 | D:1      | Reached XP level 2. HP: 15/15 MP: 5/8
   957 | D:1      | Learned a level 2 spell: Scorch
  1089 | D:2      | Noticed Terence
  1171 | D:2      | Noticed Sigmund
  1359 | D:2      | Reached XP level 3. HP: 20/20 MP: 1/9
  1363 | D:2      | Learned a level 3 spell: Conjure Flame
  1473 | D:2      | Found a faded altar of an unknown god.
  1737 | D:2      | Noticed Jessica
  1740 | D:2      | Killed Jessica
  1741 | D:2      | Reached skill level 1 in Fighting
  1741 | D:2      | Reached skill level 4 in Fire Magic
  1741 | D:2      | Reached XP level 4. HP: 21/25 MP: 4/11
  2335 | D:2      | Slain by a gnoll

Illustrated notes

Levels and vault maps discovered:
D:1:      lemuel_arrival_cross, layout_loops_ring, grunt_decor_cap,
          st_stairs_10, chequers_arboretum
D:2:      layout_loops_ring, nicolae_ecumenical_oubliette, uniq_terence,
          uniq_sigmund, uniq_jessica
D:3:      layout_loops_ring, st_stairs_6, minivault_26

Skill      XL: |  1  2  3 |
---------------+----------+-----
Conjurations   | 2 |  2.6
Fighting       | 1 |  1.0
Fire Magic     | 4 |  4.2
Dodging        | |  2.5
Stealth        | |  2.4
Spellcasting   | |  3.8

Action                   |  1- 3 |  4- 6 || total
-------------------------+-------+-------++-------
Melee: Unarmed           |     3 |       ||     3
 Cast: Foxfire           |    41 |    10 ||    51
       Scorch            |     7 |     3 ||    10
Armor: Robe              |     2 |     2 ||     4
Dodge: Dodged            |    15 |     8 ||    23

Table legend: (Time is in decaauts)
 A = Elapsed time spent in this place.
 B = Non-inter-level travel time spent in this place.
 C = Inter-level travel time spent in this place.
 D = Time resting spent in this place.
 E = Time spent auto-exploring this place.
 F = Levels seen in this place.
 G = Mean time per level.
                   A        B        C        D        E       F      G
               +--------+--------+--------+--------+--------+-----+--------+
         Total |   2335 |   2234 |    101 |    143 |   1803 |   3 |  778.3 |
       Dungeon |   2335 |   2234 |    101 |    143 |   1803 |   3 |  778.3 |
               +--------+--------+--------+--------+--------+-----+--------+

Top non-repeatable levels by time:
     D:1: 1080 daAuts
     D:2: 1045 daAuts
     D:3: 210 daAuts
